 Dungeon Crawl Stone Soup version 0.32-a0-933-ga8fa3634e4 (webtiles) character file.

Game seed: 18240295695204199349

1209 Alarak the Slasher (level 8, -1/56 (64) HPs)
             Began as a Gnoll Reaver on Apr 14, 2024.
             Was an Initiate of Ashenzari.
             Slain by a wight
             ... wielding a +4 war axe
              (15 damage)
             ... on level 5 of the Dungeon.
             The game lasted 00:16:49 (4874 turns).

Alarak the Slasher (Gnoll Reaver)                   Turns: 4874, Time: 00:16:49

HP:   -1/56 (64)    AC:  4    Str: 13    XL:     8   Next: 45%
MP:   17/17         EV: 11    Int: 12    God:    Ashenzari [......]
Gold: 302           SH:  0    Dex:  7    Spells: 18/19 levels left

rFire   + + .        t - +12 quarterstaff "Maited" {freeze, rPois rF+ Will++ Dex-5}
rCold   . . .        (shield currently unavailable)
rNeg    . . .        k - +0 troll leather armour
rPois   +            (no helmet)
rElec   .            p - +0 cloak
rCorr   .            (no gloves)
SInv    .            (no boots)
Will    ++...        (no amulet)
Stlth   +            h - ring of protection from fire
HPRegen 1.09/turn    (no ring)
MPRegen 0.15/turn

%: no passive effects
@: confused, ambrosia-drunk, heavily drained
A: fangs 1, strong nose, distributed training
a: Renounce Religion


You were on level 5 of the Dungeon.
You worshipped Ashenzari.
Ashenzari was noncommittal.
You visited 2 branches of the dungeon, and saw 7 of its levels.
You also visited: Sewer.

You collected 302 gold pieces.

Inventory:

Hand Weapons
 g - a +1 sling
 t - the +12 quarterstaff "Maited" (weapon) {freeze, rPois rF+ Will++ Dex-5}
   (You found it on level 3 of the Dungeon)

   Dex-5:     It affects your dexterity (-5).
   rF+:       It protects you from fire.
   rPois:     It protects you from poison.
   Will++:    It greatly increases your willpower.
Missiles
 j - 8 poisoned darts
 u - 2 boomerangs
Armour
 k - a +0 troll leather armour (worn)
 p - a +0 cloak (worn)
Jewellery
 h - a ring of protection from fire (left hand)
 B - a ring of willpower
Talismans
 c - a granite talisman
Wands
 o - a wand of polymorph (7)
 w - a wand of digging (2)
 A - a wand of charming (19)
Scrolls
 b - 6 scrolls of teleportation
 d - a scroll of identify
 e - 2 scrolls of blinking
 i - 3 scrolls of enchant weapon
 l - a scroll of revelation
 q - a scroll of fear
 x - 2 scrolls of immolation
 y - 3 scrolls of amnesia
Potions
 a - a potion of might
 n - a potion of magic
 r - a potion of brilliance
 s - 3 potions of mutation {unknown}
 v - a potion of attraction {unknown}
 z - 2 potions of haste {unknown}


   Skills:
 + Level 5.8 Fighting
 + Level 3.4 Short Blades
 + Level 7.4 Long Blades
 + Level 3.4 Axes
 + Level 3.4 Maces & Flails
 + Level 3.4 Polearms
 + Level 3.4 Staves
 + Level 3.4 Ranged Weapons
 + Level 3.4 Throwing
 + Level 3.4 Armour
 + Level 5.8 Dodging
 + Level 3.4 Stealth
 + Level 3.4 Shields
 + Level 3.4 Unarmed Combat
 + Level 6.1 Spellcasting
 + Level 6.2 Conjurations
 + Level 2.8 Hexes
 + Level 2.8 Summonings
 + Level 2.8 Necromancy
 + Level 2.8 Translocations
 + Level 2.8 Fire Magic
 + Level 2.8 Ice Magic
 + Level 2.8 Air Magic
 + Level 2.8 Earth Magic
 + Level 2.8 Alchemy
 + Level 3.7 Invocations
 + Level 3.4 Evocations
 + Level 3.1 Shapeshifting


You had 18 spell levels left.
You knew the following spells:

 Your Spells              Type           Power      Damage    Failure   Level
a - Kiss of Death         Conj/Necr      56%        2d9       3%          1

Your spell library contained the following spells:

 Spells                   Type           Power      Damage    Failure   Level
 Magic Dart               Conj           72%        1d6       1%          1
 Momentum Strike          Conj/Tloc      28%        3d8       5%          2
 Blink                    Tloc           20%        N/A       11%         2
 Call Imp                 Summ           20%        N/A       11%         2
 Hailstorm                Conj/Ice       14%        3d6       11%         3
 Passage of Golubria      Tloc           10%        N/A       56%         4
 Silence                  Hex/Air        5%         N/A       88%         5
 Lehudib's Crystal Spear  Conj/Erth      7%         10d3      100%        8


Dungeon Overview and Level Annotations

Branches:
Dungeon (6/15)             Temple (1/1) D:4           Sewer (visited)

Altars:
Ashenzari
Cheibriados
Dithmenos
Elyvilon
Fedhas
Gozag
Hepliaklqana
Kikubaaqudgha
Makhleb
Nemelex Xobeh
Okawaru
Qazlal
Ru
Sif Muna
Trog
Uskayaw
Vehumet
Wu Jian
Xom
Yredelemnul
The Shining One


Innate Abilities, Weirdness & Mutations

You have very sharp teeth.
Your uncanny sense of smell can sniff out nearby items.
Your experience applies equally to all skills.


Message History

You closely miss the wight. The wight hits you but does no damage.
You sock the wight! You freeze the wight.
The wight is severely damaged.
The wight hits you with a +4 war axe! The wight misses you.
The water moccasin misses you.
You are too injured to fight recklessly!
The water moccasin closely misses you. The wight hits you with a +4 war axe!
* * * LOW HITPOINT WARNING * * *
The wight hits you from afar with a +4 spear.
* * * LOW HITPOINT WARNING * * *
The water moccasin bites you but does no damage.
You climb upwards.
There is a stone staircase leading down here.
Okay, then.
You are confused.
You feel invigorated. The wight hits you with a +4 war axe.
* * * LOW HITPOINT WARNING * * *
You feel drained.
* * * LOW HITPOINT WARNING * * *
The water moccasin barely misses you. The water moccasin misses you.
The water moccasin misses you.
You closely miss the wight.
The wight is severely damaged.
The water moccasin bites you. The wight closely misses you.
The water moccasin bites you. The wight barely misses you.
You barely miss the water moccasin. The water moccasin closely misses you.
The wight hits you with a +4 war axe!
* * * LOW HITPOINT WARNING * * *
You feel drained.
* * * LOW HITPOINT WARNING * * *
You thump the water moccasin! You freeze the water moccasin.
The water moccasin is heavily wounded.
The water moccasin barely misses you. The wight hits you with a +4 war axe!
* * * LOW HITPOINT WARNING * * *
The water moccasin closely misses you.
The water moccasin attacks as it pursues you!
The water moccasin bites you but does no damage.
The wight attacks as it pursues you! The wight hits you with a +4 war axe!
You die...

#..#..##.......###...)..#......
##.........####..##..###.##.....
##.....##..###...................
...#...###..#...###........###..>
####..........### ##.....#####...
.# ##........## ##....### #....
.# #..#..###.# ##..##..## ##....
.###.###.###.####....###.###...#.
..##.# #..##..#.@.#..# ##........
#.#..# #...#....Sz#..# ##.......
#....####....###..##.# ##......
#...###......####>.#.#####.......
..##...####...# #..##.##...##....
.###.### ##..####..#.....###..#.
###..## #....##..#..#..##..###
..###.### #..#..##.#.##.###.####
### ##..# ###.##.#..###.# #.###.


You could see a water moccasin and a wight.

Vanquished Creatures
  An ice beast (D:5)
  A centaur (D:5)
  A phantom (D:5)
  2 brain worms (Sewer)
  2 kobold brigands
  Blork the orc (D:5)
  A scorpion (D:5)
  A wight (D:6)
  2 bombardier beetles
  An orc priest (D:4)
  2 hounds (D:5)
  Crazy Yiuf (D:2)
  Jessica (D:2)
  An iguana (D:5)
  Ijyb (D:3)
  3 gnolls (D:5)
  10 adders
  2 river rats (Sewer)
  4 ufetubi (D:5)
  2 ribbon worms
  7 dart slugs
  8 orcs
  4 bats
  5 endoplasms
  3 giant cockroaches
  6 hobgoblins
  4 quokkas
  9 ball pythons
  2 frilled lizards
  5 goblins (D:1)
  8 kobolds
  14 rats
115 creatures vanquished.

Notes
Turn   | Place    | Note
-------+----------+-------------------------------------------
     0 | D:1      | Alarak the Gnoll Reaver began the quest for the Orb.
     0 | D:1      | Reached XP level 1. HP: 20/20 MP: 6/6
    84 | D:1      | Reached XP level 2. HP: 26/26 MP: 7/7
   338 | D:1      | Reached skill level 5 in Spellcasting
   338 | D:1      | Reached XP level 3. HP: 30/30 MP: 7/9
   672 | D:2      | Reached skill level 1 in Invocations
   873 | D:2      | Noticed a great orb of eyes
   903 | D:2      | Reached skill level 1 in Short Blades
   903 | D:2      | Reached skill level 1 in Axes
   903 | D:2      | Reached skill level 1 in Maces & Flails
   903 | D:2      | Reached skill level 1 in Polearms
   903 | D:2      | Reached skill level 1 in Staves
   903 | D:2      | Reached skill level 1 in Ranged Weapons
   903 | D:2      | Reached skill level 1 in Throwing
   903 | D:2      | Reached skill level 1 in Armour
   903 | D:2      | Reached skill level 1 in Stealth
   903 | D:2      | Reached skill level 1 in Shields
   903 | D:2      | Reached skill level 1 in Unarmed Combat
   903 | D:2      | Reached skill level 1 in Evocations
  1051 | D:2      | Noticed Jessica
  1057 | D:2      | Killed Jessica
  1058 | D:2      | Reached skill level 1 in Hexes
  1058 | D:2      | Reached skill level 1 in Summonings
  1058 | D:2      | Reached skill level 1 in Necromancy
  1058 | D:2      | Reached skill level 1 in Translocations
  1058 | D:2      | Reached skill level 1 in Fire Magic
  1058 | D:2      | Reached skill level 1 in Ice Magic
  1058 | D:2      | Reached skill level 1 in Air Magic
  1058 | D:2      | Reached skill level 1 in Earth Magic
  1058 | D:2      | Reached skill level 1 in Alchemy
  1058 | D:2      | Reached skill level 1 in Shapeshifting
  1058 | D:2      | Reached XP level 4. HP: 38/38 MP: 11/11
  1080 | D:2      | Found a runed translucent door.
  1083 | D:2      | Noticed Crazy Yiuf
  1170 | D:2      | Noticed a glass eye
  1172 | D:2      | Found a faded altar of an unknown god.
  1173 | D:2      | Noticed a glass eye
  1173 | D:2      | Noticed a shining eye
  1297 | D:2      | Killed Crazy Yiuf
  1387 | D:3      | Found a glowing drain.
  1407 | D:3      | Reached XP level 5. HP: 25/43 MP: 12/12
  1430 | Sewer    | Entered a sewer
  1529 | Sewer    | Reached XP level 6. HP: 37/50 MP: 5/13
  1634 | Sewer    | Reached skill level 5 in Fighting
  1634 | Sewer    | Reached skill level 5 in Dodging
  2024 | D:3      | Identified the +12 quarterstaff "Maited" {freeze, rPois rF+
                  | Will++ Dex-5}
  2408 | D:3      | Found a hazy altar of Hepliaklqana.
  2409 | D:3      | Found a faded altar of an unknown god.
  2417 | D:3      | Reached skill level 7 in Long Blades
  2417 | D:3      | Reached XP level 7. HP: 38/56 MP: 15/15
  2494 | D:3      | Noticed Ijyb
  2503 | D:3      | Killed Ijyb
  2680 | D:3      | Found an ancient bone altar of Kikubaaqudgha.
  2821 | D:4      | Found a staircase to the Ecumenical Temple.
  2839 | Temple   | Entered the Ecumenical Temple
  3100 | D:4      | Identified the +3 trident "Impslayer" {vamp, *Noise Str+2
                  | Int+5}
  3303 | D:5      | Entered Level 5 of the Dungeon
  3303 | D:5      | Noticed Blork the orc
  3308 | D:5      | Killed Blork the orc
  3828 | D:5      | Found an iron altar of Okawaru.
  3847 | D:5      | Found a glowing golden altar of the Shining One.
  3847 | D:5      | Found a white marble altar of Elyvilon.
  4040 | D:5      | Reached XP level 8. HP: 63/63 MP: 16/16
  4079 | D:5      | Found a large runed translucent door.
  4079 | D:5      | Found a large runed translucent door.
  4151 | D:5      | Found a shimmering altar of Xom.
  4594 | D:5      | Found a bloodstained altar of Trog.
  4595 | D:5      | Found a broken altar of Ashenzari.
  4598 | D:5      | Became a worshipper of Ashenzari the Shackled
  4874 | D:5      | Slain by a wight

Illustrated notes

Levels and vault maps discovered:
D:1:      dpeg_arrival_shrine, layout_rooms, feat_on_display
D:2:      layout_rooms, hellmonk_ecumenical_altar_watching_god,
          minmay_misc_feat_secret_circle, minmay_misc_feat_doors, fountainhead,
          uniq_crazy_yiuf_cottage, uniq_jessica
D:3:      layout_loops_corners, beargit_hepliaklqana_dungeon_heroes,
          kiku_gazebo_pond_becter, gup_sewer_entry_glass, uniq_ijyb
D:4:      layout_gridville, minmay_temple_entry_sparse_star
D:5:      due_chaos_kobolds, layout_layer_cave,
          chequers_temple_overflow_statue_of_worship, minitemple,
          mainiacjoe_overflow_tiny_flanked, serial_bayou_ford_a,
          uniq_blork_the_orc
D:6:      layout_loops_ring, blue_anna_alchemist
Temple:   compressed_dpeg_triangle_lava_temple

Skill      XL: |  1  2  3  4  5  6  7  8 |
---------------+-------------------------+-----
Spellcasting   | 5 6 |  6.1
Invocations    | 1 2 3 |  3.7
Short Blades   | 1 2 3 |  3.4
Axes           | 1 2 3 |  3.4
Maces & Flails | 1 2 3 |  3.4
Polearms       | 1 2 3 |  3.4
Staves         | 1 2 3 |  3.4
Ranged Weapons | 1 2 3 |  3.4
Throwing       | 1 2 3 |  3.4
Armour         | 1 2 3 |  3.4
Stealth        | 1 2 3 |  3.4
Shields        | 1 2 3 |  3.4
Unarmed Combat | 1 2 3 |  3.4
Evocations     | 1 2 3 |  3.4
Hexes          | 1 2 |  2.8
Summonings     | 1 2 |  2.8
Necromancy     | 1 2 |  2.8
Translocations | 1 2 |  2.8
Fire Magic     | 1 2 |  2.8
Ice Magic      | 1 2 |  2.8
Air Magic      | 1 2 |  2.8
Earth Magic    | 1 2 |  2.8
Alchemy        | 1 2 |  2.8
Shapeshifting  | 1 2 3 |  3.1
Fighting       | 5 |  5.8
Dodging        | 5 |  5.8
Long Blades    | 7 |  7.4
Conjurations   | 6 |  6.2

Action                     |  1- 3 |  4- 6 |  7- 9 || total
---------------------------+-------+-------+-------++-------
  Melee: Falchion          |    63 |       |       ||    63
         Bite              |     5 |     9 |     9 ||    23
         Quarterstaff      |       |    71 |    92 ||   163
   Fire: Sling             |    49 |    46 |    15 ||   110
  Throw: Dart              |       |     4 |       ||     4
   Cast: Kiss of Death     |     1 |       |       ||     1
    Use: Scroll            |       |     5 |     8 ||    13
         Potion            |       |     1 |     2 ||     3
   Stab: Petrified         |       |     2 |       ||     2
         Petrifying        |       |     1 |       ||     1
         Sleeping          |       |     1 |     1 ||     2
 Armour: Leather armour    |    37 |       |       ||    37
         Troll leather arm |    21 |    56 |    61 ||   138
  Dodge: Dodged            |    63 |    52 |    55 ||   170

Table legend: (Time is in decaauts)
 A = Elapsed time spent in this place.
 B = Non-inter-level travel time spent in this place.
 C = Inter-level travel time spent in this place.
 D = Time resting spent in this place.
 E = Time spent auto-exploring this place.
 F = Levels seen in this place.
 G = Mean time per level.
                   A        B        C        D        E       F      G
               +--------+--------+--------+--------+--------+-----+--------+
         Total |   4980 |   4742 |    238 |    396 |   3425 |   8 |  622.5 |
       Dungeon |   4502 |   4265 |    237 |    384 |   3121 |   6 |  750.3 |
        Temple |      1 |      0 |      1 |      0 |      0 |   1 |    1.0 |
         Sewer |    475 |    475 |      0 |     12 |    304 |   1 |  475.0 |
               +--------+--------+--------+--------+--------+-----+--------+

Top non-repeatable levels by time:
     D:5: 1573 daAuts
     D:3: 956 daAuts
     D:2: 734 daAuts
     D:1: 669 daAuts
     D:4: 554 daAuts
   Sewer: 475 daAuts
     D:6: 14 daAuts
  Temple: 1 daAuts
